 Dungeon Crawl Stone Soup version 0.25-a0-890-g62861fb195 (webtiles) character file.

Game seed: 5877123797862334156, levelgen mode: deterministic

4799 Hasart the Frost Mage (level 10, -2/56 HPs)
             Began as an Octopode Ice Elementalist on May 2, 2020.
             Was an Elder of Vehumet.
             Killed by miscasting Iskenderun's Mystic Blast (5 damage)
             ... on level 8 of the Dungeon.
             The game lasted 00:16:27 (7098 turns).

Hasart the Frost Mage (Octopode Ice Elementalist)   Turns: 7098, Time: 00:16:28

Health: -2/56      AC:  1    Str:  7    XL:     10   Next: 48%
Magic:  2/29       EV: 18    Int: 24    God:    Vehumet [****..]
Gold:   323        SH:  0    Dex: 17    Spells: 6/23 levels left

rFire    . . .     SeeInvis +   s - +5 dagger of the Boiling Point {vorpal, +Fly rPois MR+}
rCold    . . .     Gourm    .   (no shield)
rNeg     . . .     Faith    .   (helmet restricted)
rPois    +         Spirit   .   e - amulet of regeneration
rElec    .         Reflect  .   v - +3 ring of dexterity
rCorr    .         Harm     .   o - +4 ring of intelligence
MR       +....                  w - ring of magical power
Stlth    +++.......             z - ring of see invisible
HPRegen  0.58/turn              (no ring)
MPRegen  0.21/turn              (no ring)
                                (no ring)
                                (no ring)

@: very slightly contaminated
A: almost no armour, stealthy swim, amphibious, 8 rings, constrict 8, camouflage
1, gelatinous body 1
a: Renounce Religion, Evoke Flight


You were on level 8 of the Dungeon.
You worshipped Vehumet.
Vehumet was greatly pleased with you.
You were very hungry.

You visited 1 branch of the dungeon, and saw 8 of its levels.

You collected 323 gold pieces.

Inventory:

Hand Weapons
 i - a +3 trident of venom
 s - the +5 dagger of the Boiling Point (weapon) {vorpal, +Fly rPois MR+}
   (You found it on level 5 of the Dungeon)

   It inflicts extra damage upon your enemies.
   It protects you from poison.
   It affects your resistance to hostile enchantments.
   It lets you fly.
Jewellery
 e - an amulet of regeneration (around mantle)
 o - a +4 ring of intelligence (right tentacle)
 v - a +3 ring of dexterity (left tentacle)
 w - a ring of magical power (on tentacle)
 z - a ring of see invisible (on tentacle)
Wands
 j - a wand of flame (14)
Scrolls
 a - a scroll of amnesia {unknown}
 c - 8 scrolls of identify
 f - a scroll of noise {unknown}
 g - 5 scrolls of remove curse {unknown}
 k - a scroll of enchant weapon {unknown}
 n - 3 scrolls of teleportation {unknown}
 p - a scroll of enchant armour {unknown}
 t - a scroll of vulnerability {unknown}
 y - 3 scrolls of fog {unknown}
 A - a scroll of magic mapping {unknown}
 B - a scroll of immolation {unknown}
Potions
 d - 2 potions of might {unknown}
 h - a potion of ambrosia {unknown}
 l - 6 potions of curing {unknown}
 m - a potion of mutation {unknown}
 r - 2 potions of invisibility {unknown}
 u - a potion of haste {unknown}
 x - a potion of degeneration {unknown}
Comestibles
 b - 16 rations
 q - 4 chunks of flesh


   Skills:
 + Level 7.7 Dodging
 - Level 2.6 Stealth
 + Level 7.1 Spellcasting
 + Level 0.0 Conjurations
 + Level 1.7 Summonings
 + Level 1.7 Translocations
 * Level 11.1 Ice Magic


You had 6 spell levels left.
You knew the following spells:

 Your Spells              Type           Power        Failure   Level  Hunger
a - Freeze                Ice            ####         1%          1    None
b - Frozen Ramparts       Ice            ######       1%          3    None
c - Ozocubu's Armour      Chrm/Ice       #####...     2%          3    None
d - Blink                 Tloc           N/A          5%          2    None
e - Summon Ice Beast      Ice/Summ       #####...     4%          4    ###....
f - Iskenderun's Mystic   Conj/Tloc      ##......     13%         4    ###....

Your spell library contained the following spells:

 Spells                   Type           Power        Failure   Level  Hunger
 Lee's Rapid Deconstruct  Erth           #.........   43%         5    #####..
 Magic Dart               Conj           #...         1%          1    None
 Hailstorm                Conj/Ice       #####...     1%          4    ###....
 Call Imp                 Summ           ###.....     5%          2    None
 Conjure Flame            Conj/Fire      #.......     6%          3    None
 Mephitic Cloud           Conj/Pois/Air  #.......     6%          3    None
 Slow                     Hex            #.......     11%         2    None


Dungeon Overview and Level Annotations

Branches:
Dungeon (8/15)             Temple (0/1) D:5
   Lair: D:8-11

Altars:
Ashenzari
Dithmenos
Fedhas
Hepliaklqana
Okawaru
Ru
Trog
Vehumet
Wu Jian
Yredelemnul
Zin
The Shining One

Shops:
D:7 }


Innate Abilities, Weirdness & Mutations

You cannot wear most types of armour.
You are very stealthy in the water. (Stealth+)
You are amphibious.
You can wear up to eight rings at the same time.
You can use your tentacles to constrict eight enemies at once.
Your skin changes colour to match your surroundings (Stealth+).
Your rubbery body absorbs attacks. (AC +1, EV +1)


Message History

The ice beast hits you. The ice beast freezes you!
* * * LOW HITPOINT WARNING * * *
An orc comes into view. It is wielding a +1 mace of protection.
Your magical contamination has completely faded away.
Casting: Iskenderun's Mystic Blast (dangerous; 13% risk of failure)
Confirm with . or Enter, or press ? or * to list all spells.
You erupt in a blast of force!
The mystic blast hits the ice beast but does no damage.
The ice beast is severely wounded.
You hear a shout!
The ice beast hits you.
* * * LOW HITPOINT WARNING * * *
The ice beast freezes you!
* * * LOW HITPOINT WARNING * * *
Casting: Iskenderun's Mystic Blast (dangerous; 13% risk of failure)
Confirm with . or Enter, or press ? or * to list all spells.
You miscast Iskenderun's Mystic Blast.
You are very lightly contaminated with residual magic.
Sparks fly from your tentacles.
You die...

....#.# ..............#
.##.#.##
..........##......######
..#.#..# ..........##......#
................#..##......#
.##.#...##...........##...##
.##.#.#.# #......# #...#
.###......
......#.##...####### ..
..[.....o###.#..#............#
#...#..#.....@..####.[.#####.#
#o. #.#..##Y#..###..........#
#.......#................
##.#.#..######..........#
#.........# #...........
#.#.#..##.# #.........## #
#.#..# # #.........# . #..#
########### .. #..#


You could see an ice beast and an orc.

Vanquished Creatures
  Pikel (D:5)
  2 centaur zombies (D:7)
  A hornet (D:8)
  5 yaks (D:7)
  Eustachio (D:5)
  Menkaure (D:5)
  Edmund (D:5)
  A sky beast (D:7)
  An orc warrior (D:8)
  6 ogres
  4 centaurs
  Blork the orc (D:6)
  A wyvern zombie (D:7)
  A bullfrog (D:7)
  A scorpion (D:5)
  5 killer bees (D:8)
  4 howler monkeys
  3 crimson imps
  3 hounds
  2 jellies
  2 orc priests (D:3)
  A bullfrog skeleton (D:5)
  2 iguanas
  8 orc wizards
  Jessica (D:2)
  Terence (D:2)
  7 worker ants
  2 hound skeletons
  5 gnolls
  9 adders
  A shadow imp (D:7)
  An ooze (D:3)
  2 adder skeletons (D:4)
  A worm (D:2)
  5 dart slugs
  8 leopard geckos
  27 orcs
  10 bats
  4 giant cockroaches
  10 hobgoblins
  7 jackals
  9 kobolds
  5 quokkas
  A ball python (D:7)
  A ball python skeleton (D:5)
  12 frilled lizards
  9 goblins
  A quokka skeleton (D:4)
  10 rats
207 creatures vanquished.

Vanquished Creatures (others)
  A slave (D:5)
  A worker ant (D:5)
  An orc (D:5)
  A giant cockroach (D:5)
4 creatures vanquished.

Grand Total: 211 creatures vanquished

Notes
Turn   | Place    | Note
-------+----------+-------------------------------------------
     0 | D:1      | Hasart the Octopode Ice Elementalist began the quest for
                  | the Orb.
     0 | D:1      | Reached XP level 1. HP: 11/11 MP: 3/3
   182 | D:1      | Reached XP level 2. HP: 17/17 MP: 5/5
   368 | D:1      | Reached XP level 3. HP: 8/21 MP: 4/6
   560 | D:1      | Learned a level 3 spell: Frozen Ramparts
  1011 | D:1      | Reached XP level 4. HP: 27/27 MP: 7/7
  1186 | D:2      | Found an ornate altar of the Wu Jian Council.
  1273 | D:2      | Found a shattered altar of Ashenzari.
  1273 | D:2      | Found a radiant altar of Vehumet.
  1273 | D:2      | Found a glowing silver altar of Zin.
  1280 | D:2      | Became a worshipper of Vehumet
  1336 | D:2      | Noticed Jessica
  1342 | D:2      | Killed Jessica
  1342 | D:2      | Reached skill level 5 in Ice Magic
  1412 | D:2      | Reached XP level 5. HP: 17/31 MP: 6/9
  1483 | D:2      | Noticed Terence
  1489 | D:2      | Killed Terence
  1737 | D:2      | Found a blossoming altar of Fedhas.
  1862 | D:3      | Found a faded altar of an unknown god.
  2115 | D:3      | Reached * piety under Vehumet
  2115 | D:3      | Offered knowledge of Foxfire by Vehumet.
  2118 | D:3      | Reached XP level 6. HP: 36/36 MP: 6/10
  2732 | D:4      | Reached skill level 6 in Ice Magic
  2821 | D:4      | Learned a level 3 spell: Ozocubu's Armour
  3482 | D:4      | Found a basalt altar of Yredelemnul.
  3504 | D:4      | Found a glowing golden altar of the Shining One.
  3593 | D:5      | Entered Level 5 of the Dungeon
  3607 | D:5      | Reached XP level 7. HP: 41/41 MP: 12/12
  3708 | D:5      | Noticed Menkaure
  3745 | D:5      | Offered knowledge of Sandblast by Vehumet.
  3749 | D:5      | Reached ** piety under Vehumet
  3754 | D:5      | Killed Menkaure
  3837 | D:5      | Noticed Pikel
  3850 | D:5      | Killed Pikel
  3850 | D:5      | Reached skill level 5 in Dodging
  3850 | D:5      | Reached skill level 7 in Ice Magic
  3850 | D:5      | Reached XP level 8. HP: 12/46 MP: 14/14
  4030 | D:5      | Got a bloodstained dagger
  4031 | D:5      | Identified the +5 dagger of the Boiling Point {vorpal, +Fly
                  | rPois MR+} (You found it on level 5 of the Dungeon)
  4063 | D:5      | Noticed Eustachio
  4073 | D:5      | Killed Eustachio
  4073 | D:5      | Reached skill level 8 in Ice Magic
  4125 | D:5      | Found a staircase to the Ecumenical Temple.
  4142 | D:5      | Noticed Edmund
  4151 | D:5      | Killed Edmund
  4151 | D:5      | Reached skill level 5 in Spellcasting
  4313 | D:5      | Learned a level 2 spell: Blink
  4597 | D:6      | Reached XP level 9. HP: 47/51 MP: 17/17
  4604 | D:6      | Found an iron altar of Okawaru.
  4611 | D:6      | Found a hazy altar of Hepliaklqana.
  4645 | D:6      | You fall into a shaft and drop 2 floors!
  4646 | D:8      | Noticed a hornet
  4656 | D:8      | Reached skill level 9 in Ice Magic
  4657 | D:8      | Offered knowledge of Inner Flame by Vehumet.
  4666 | D:8      | Killed a hornet
  4838 | D:7      | Reached *** piety under Vehumet
  4841 | D:7      | Reached skill level 10 in Ice Magic
  5043 | D:7      | Found Noof's Gadget Emporium.
  5306 | D:7      | Reached XP level 10. HP: 10/56 MP: 20/20
  5431 | D:6      | Learned a level 4 spell: Summon Ice Beast
  5547 | D:6      | Found a shadowy altar of Dithmenos.
  5567 | D:6      | Offered knowledge of Iskenderun's Mystic Blast by Vehumet.
  5573 | D:6      | Learned a level 4 spell: Iskenderun's Mystic Blast
  5889 | D:6      | Noticed Blork the orc
  5897 | D:6      | Killed Blork the orc
  5932 | D:6      | Reached skill level 1 in Summonings
  5949 | D:6      | Reached skill level 1 in Translocations
  6509 | D:7      | Reached skill level 11 in Ice Magic
  6543 | D:7      | Found a sacrificial altar of Ru.
  6591 | D:7      | Reached **** piety under Vehumet
  6893 | D:7      | Offered knowledge of Lee's Rapid Deconstruction by Vehumet.
  6917 | D:7      | Found a bloodstained altar of Trog.
  7098 | D:8      | Killed by miscasting Iskenderun's Mystic Blast

Levels and vault maps discovered:
D:1:      lightli_arrival_statue_moat, layout_basic, minmay_lizard_pond
D:2:      layout_loops_cross, chequers_temple_overflow_statue_of_worship,
          lemuel_doored_altar, nicolae_overflow_hidden_temple, uniq_terence,
          uniq_jessica
D:3:      corexii_shack_village, layout_basic, chequers_ecumenical_altar_simple
D:4:      layout_loops_corners, grunt_temple_overflow_holy_war,
          minmay_misc_feat_chi, chequers_serial_rivers_room_b, minmay_bisected
D:5:      minmay_diamond_boxcup, layout_loops_cross,
          minmay_temple_entry_glassed_door, first_ration, uniq_edmund,
          uniq_pikel, uniq_eustachio, uniq_menkaure
D:6:      layout_layer_cave, grunt_temple_overflow_open, old_standard_altar,
          uniq_blork_the_orc
D:7:      layout_basic, marbit_many_paths, lemuel_crystal_altar, serial_shops,
          kennysheep_little_box
D:8:      layout_basic

Skill      XL: |  1  2  3  4  5  6  7  8  9 10 |
---------------+-------------------------------+-----
Ice Magic      | 5 6 7 8 10 11 | 11.1
Dodging        | 3 5 7 |  7.7
Spellcasting   | 3 4 5 6 7 |  7.1
Summonings     | 1 |  1.7
Translocations | 1 |  1.7
Stealth        | |  2.6

Action                   |  1- 3 |  4- 6 |  7- 9 | 10-12 || total
-------------------------+-------+-------+-------+-------++-------
Melee: Unarmed           |    25 |       |       |       ||    25
       Constrict         |    19 |    40 |    22 |    21 ||   102
       Tentacles         |    11 |    16 |    27 |    27 ||    81
       Spear             |    44 |    55 |       |       ||    99
       Trident           |       |    95 |    26 |       ||   121
       Dagger            |       |       |   103 |   117 ||   220
 Cast: Freeze            |    14 |    16 |     8 |     5 ||    43
       Frozen Ramparts   |       |     5 |    14 |     8 ||    27
       Ozocubu's Armour  |       |       |     4 |       ||     4
       Blink             |       |       |     2 |       ||     2
       Iskenderun's Myst |       |       |       |     6 ||     6
Evoke: Wand              |       |       |     2 |       ||     2
  Use: Scroll            |       |       |     1 |       ||     1
 Stab: Sleeping          |     9 |    19 |     4 |     3 ||    35
       Distracted        |       |     1 |     1 |       ||     2
  Eat: Chunk             |       |     8 |     7 |     6 ||    21
Armor: Skin              |     5 |    13 |     7 |     1 ||    26
Dodge: Dodged            |    45 |   115 |   114 |    85 ||   359

Table legend:
 A = Non-vault XP
 B = Vault XP
 C = Vault XP percentage of total XP
 D = Non-vault monster count
 E = Vault monster count
 F = Vault count percentage of total count
                 A         B        C        D         E       F
            +---------+---------+-------+---------+---------+-------
      Total |    5382 |    1474 |  21.5 |     179 |      28 |  13.5
            +---------+---------+-------+---------+---------+-------
        D:1 |      75 |       8 |   9.6 |      26 |       8 |  23.5
        D:2 |      84 |      73 |  46.5 |      22 |       2 |   8.3
        D:3 |     174 |      15 |   7.9 |      33 |       7 |  17.5
        D:4 |     123 |      33 |  21.2 |      12 |       1 |   7.7
        D:5 |     377 |    1246 |  76.8 |      16 |       8 |  33.3
        D:6 |    1133 |      96 |   7.8 |      24 |       1 |   4.0
        D:7 |    2562 |       3 |   0.1 |      34 |       1 |   2.9
        D:8 |     854 |       0 |   0.0 |      12 |       0 |   0.0
            +---------+---------+-------+---------+---------+-------
